 Dungeon Crawl Stone Soup version 0.19-a0 (webtiles) character file.

42 Loki the Ruffian (level 3, -2/33 HPs)
             Began as a Troll Warper on Apr 27, 2016.
             Slain by a gnoll (8 damage)
             ... on level 4 of the Dungeon.
             The game lasted 00:03:48 (391 turns).

Loki the Ruffian (Troll Warper)                      Turns: 391, Time: 00:03:49

Health: -2/33      AC:  5    Str: 19    XL:     3   Next: 33%
Magic:  3/3        EV: 10    Int: 10    God:
Gold:   44         SH:  0    Dex:  9    Spells: 1 memorised, 3 levels left

rFire  . . .     SeeInvis .       - Unarmed
rCold  . . .     Gourm    +     a - +0 robe
rNeg   . . .     Faith    .     (no shield)
rPois  .         Spirit   .     (helmet restricted)
rElec  .         Dismiss  .     (no cloak)
rCorr  .         Reflect  .     (gloves unavailable)
SustAt .         Harm     .     (boots unavailable)
MR     .....                    (no amulet)
Stlth  +.........               (no ring)
                                (no ring)

@: not resistant to hostile enchantments, very unstealthy
A: unfitting armour, claws 3, fast metabolism 3, gourmand, regeneration 2,
shaggy fur 1, tough skin 2
a: no special abilities


You were on level 4 of the Dungeon.
You were completely stuffed.

You visited 1 branch of the dungeon, and saw 4 of its levels.

You collected 44 gold pieces.

Inventory:

Missiles
 d - 5 tomahawks of dispersal (quivered)
Armour
 a - a +0 robe (worn)
Jewellery
 k - a +4 ring of evasion {unknown}
Scrolls
 c - a scroll of blinking
 e - 4 scrolls of amnesia
 h - 4 scrolls of identify {unknown}
 j - a scroll of random uselessness {unknown}
Potions
 g - a potion of curing {unknown}
 i - a potion of resistance {unknown}
 l - a potion of might {unknown}
Books
 b - a book of Spatial Translocations

   Spells                             Type                      Level
   a - Apportation                    Translocation                1
   b - Blink                          Translocation                2
   c - Shroud of Golubria             Charms/Translocation         2
   d - Portal Projectile              Translocation                3
   e - Teleport Other                 Translocation                3
   f - Passage of Golubria            Translocation                4
Comestibles
 f - 3 bread rations


   Skills:
 - Level 1.5 Fighting
 - Level 0.8 Throwing
 - Level 1.9 Dodging
 + Level 3.8 Unarmed Combat
 - Level 1.2 Spellcasting
 - Level 2.1 Translocations


You had 3 spell levels left.
You knew the following spells:

 Your Spells              Type           Power        Failure   Level  Hunger
a - Apportation           Tloc           #.........   14%         1    ##.....


Dungeon Overview and Level Annotations

Branches:
Dungeon (4/15)
 Temple: D:4-7

Altars:
Dithmenos
Fedhas
Pakellas
The Shining One

Shops:
D:2 }


Innate Abilities, Weirdness & Mutations

You are too large for most types of armour.
You have claws for hands.
Your metabolism is lightning-fast.
You like to eat raw meat.
You heal very quickly.
You are covered in fur (AC +1).
You have very tough skin (AC +2).


Message History

The rat bites you but does no damage.
The ogre moves out of view.
You scratch the gnoll.
The gnoll is lightly wounded.
The gnoll hits you with a whip. The gnoll barely misses you.
The rat bites you but does no damage.
An adder comes into view.
You scratch the gnoll.
The gnoll is moderately wounded.
The gnoll closely misses you. The gnoll hits you but does no damage.
The gnoll hits you from afar with a spear!
The rat bites you but does no damage.
You completely miss the gnoll.
The gnoll is moderately wounded.
The gnoll hits you. The gnoll hits you with a whip!
* * * LOW HITPOINT WARNING * * *
The gnoll barely misses you.
You barely miss the gnoll.
The gnoll is moderately wounded.
The rat barely misses you. The gnoll hits you!
You die...

#. .#
..+ ..#
## ...+
#.# #..
##.#.#
#.#r#
#@#.#
#Sg#g#.#
#g#
#.#.# #.
#.#.# #
#.#.#
#.#.#
#.#. #.


You could see 3 gnolls, an adder and a rat.

Vanquished Creatures
  A gnoll (D:4)
  An ooze (D:2)
  2 worms
  2 giant geckos
  An orc (D:3)
  A giant cockroach (D:2)
  2 goblins (D:2)
  3 hobgoblins
  A jackal (D:3)
  2 quokkas
  2 bats (D:2)
  A kobold (D:1)
19 creatures vanquished.

Notes
Turn   | Place    | Note
--------------------------------------------------------------
     0 | D:1      | Loki the Troll Warper began the quest for the Orb.
     0 | D:1      | Reached XP level 1. HP: 19/19 MP: 1/1
   174 | D:2      | Reached XP level 2. HP: 27/27 MP: 2/2
   189 | D:2      | Found a shadowy altar of Dithmenos.
   189 | D:2      | Found a blossoming altar of Fedhas.
   190 | D:2      | Found a glowing golden altar of the Shining One.
   218 | D:2      | Reached skill level 3 in Unarmed Combat
   290 | D:2      | Found an oddly glowing altar of Pakellas.
   290 | D:2      | Found Pakellas's Prime Provisions.
   337 | D:3      | Reached XP level 3. HP: 32/33 MP: 3/3
   387 | D:4      | Noticed an ogre
   391 | D:4      | Slain by a gnoll

Vault maps used:
D:1:      moated_graveyard_arrival
D:2:      grunt_temple_overflow_open, johnstein_pakellas_shop
D:3:      overflow_temple_1_default
D:4:      tgw_trog, old_standard_altar, first_bread, kennysheep_cluttered_room,
          minmay_mini_ossuary

Skill      XL: |  1  2 |
---------------+-------+-----
Unarmed Combat | 3 |  3.8
Fighting       | |  1.5
Throwing       | |  0.8
Dodging        | |  1.9
Spellcasting   | |  1.2
Translocations | |  2.1

Action                   || total
-------------------------++-------
Melee: Unarmed           ||    51
       Punch             ||     2
  Use: Scroll            ||     1
  Eat: Chunk             ||     9
Armor: Robe              ||    95
Dodge: Dodged            ||   128
